 Dungeon Crawl Stone Soup version 0.28.0-43-g3370ac3207 (webtiles) character file.

Game seed: 12677796727088204680

84 H0rd4k the Magician (level 4, -5/24 HPs)
             Began as a Deep Elf Hedge Wizard on Mar 14, 2022.
             Killed by divine providence
             ... invoked by an orc priest
              (12 damage)
             ... on level 5 of the Dungeon.
             The game lasted 00:03:51 (3875 turns).

H0rd4k the Magician (Deep Elf Hedge Wizard)         Turns: 3875, Time: 00:03:52

Health: -5/24      AC:  2    Str:  7    XL:     4   Next: 24%
Magic:  4/14       EV: 13    Int: 21    God:
Gold:   167        SH:  0    Dex: 14    Spells: 6/15 levels left

rFire   . . .      SeeInvis .   f - staff of air
rCold   . . .      Faith    .   (no shield)
rNeg    . . .      Spirit   .   b - +0 robe
rPois   .          Reflect  .   c - +0 hat
rElec   +          Harm     .   (no cloak)
rCorr   .          Rampage  .   (no gloves)
Will    .....                   (no boots)
Stlth   ++........              (no amulet)
HPRegen 0.08/turn               (no ring)
MPRegen 0.14/turn               (no ring)

@: no status effects
A: no striking features
a: no special abilities


You were on level 5 of the Dungeon.
You visited 1 branch of the dungeon, and saw 5 of its levels.

You collected 167 gold pieces.

Inventory:

Hand Weapons
 a - a +0 dagger
Armour
 b - a +0 robe (worn)
 c - a +0 hat (worn)
Magical Staves
 f - a staff of air (weapon)
Scrolls
 d - a scroll of teleportation {unknown}
 e - a scroll of enchant armour {unknown}
 h - a scroll of identify {unknown}
 j - a scroll of summoning {unknown}
 k - 3 scrolls of amnesia {unknown}
Potions
 i - a potion of invisibility {unknown}
 l - a potion of mutation {unknown}
 m - 4 potions of might {unknown}
 n - a potion of brilliance {unknown}
 o - a potion of attraction {unknown}
 p - a potion of magic {unknown}


   Skills:
 + Level 2.9 Dodging
 - Level 2.4 Stealth
 + Level 6.0 Spellcasting
 + Level 1.7 Conjurations
 + Level 1.1 Summonings
 + Level 1.3 Translocations
 * Level 0.7 Fire Magic
 * Level 0.9 Air Magic
 * Level 0.3 Poison Magic


You had 6 spell levels left.
You knew the following spells:

 Your Spells              Type           Power      Damage    Failure   Level
a - Magic Dart            Conj           52%        1d5       4%          1
b - Blink                 Tloc           24%        N/A       9%          2
c - Conjure Flame         Conj/Fire      11%        6-21      19%         3
d - Mephitic Cloud        Conj/Pois/Air  15%        N/A       19%         3

Your spell library contained the following spells:

 Spells                   Type           Power      Damage    Failure   Level
 Slow                     Hex            24%        N/A       10%         1
 Call Imp                 Summ           11%        N/A       10%         2


Dungeon Overview and Level Annotations

Branches:
Dungeon (5/15)
 Temple: D:4-7

Altars:
Xom

Annotations:
D:1 exclusion: downstairs
D:2 exclusion: 2 downstairs
D:3 exclusion: downstairs, Grinder, Natasha, Robin
D:5 Menkaure


Message History

The magic dart hits the orc.
The orc is heavily wounded.
The magic dart hits the orc.
You kill the orc!
You can't see any susceptible monsters within range! (Use Z to cast anyway.)
You can't see any susceptible monsters within range! (Use Z to cast anyway.)
An orc priest comes into view. It is wielding a +0 falchion.
The magic dart hits the orc priest.
The orc priest is lightly wounded.
The orc priest shouts!
Menkaure, Prince of Dust comes into view.
The magic dart hits the orc priest.
The orc priest is moderately wounded.
Menkaure shouts!
An orc priest comes into view. It is wielding a +0 mace.
The magic dart hits the orc priest.
The orc priest is moderately wounded.
An orc comes into view. It is wielding a +0 dagger.
The magic dart hits the orc priest.
The orc priest is heavily wounded.
The magic dart hits the orc priest but does no damage.
The orc priest is heavily wounded.
The orc priest miscasts a cantrip.
The magic dart hits the orc priest.
The orc priest is heavily wounded.
Menkaure gestures wildly while chanting.
Menkaure seems to speed up.
The orc priest looks braver for a moment.
The magic dart hits the orc priest.
The orc priest is severely wounded.
The orc priest looks satisfied for a moment.
The orc priest hits you with a +0 falchion.
The magic dart hits the orc priest but does no damage.
The orc priest is severely wounded.
The orc priest hits you with a +0 falchion.
* * * LOW HITPOINT WARNING * * *
The orc priest mumbles some strange prayers to Beogh against you.
Beogh smites you!
Ouch! That really hurt!
You die...

###
#@#
#o#
#o#
#o#
#M#
#..
..#
#.#


You could see Menkaure (fast), 2 orc priests and an orc.

Vanquished Creatures
  2 adders (D:2)
  2 worms
  3 dart slugs (D:2)
  3 orcs
  4 ball pythons
  2 endoplasms (D:3)
  2 giant cockroaches
  8 goblins
  6 hobgoblins
  2 jackals (D:2)
  2 quokkas
  3 bats
  A frilled lizard (D:2)
  5 kobolds
  2 rats
47 creatures vanquished.

Notes
Turn   | Place    | Note
-------+----------+-------------------------------------------
     0 | D:1      | H0rd4k the Deep Elf Hedge Wizard began the quest for the
                  | Orb.
     0 | D:1      | Reached XP level 1. HP: 10/10 MP: 7/7
   268 | D:1      | Reached XP level 2. HP: 15/15 MP: 4/9
   675 | D:1      | Found a faded altar of an unknown god.
   936 | D:2      | Reached skill level 5 in Spellcasting
  1389 | D:2      | Reached XP level 3. HP: 17/19 MP: 6/12
  1394 | D:2      | Learned a level 2 spell: Blink
  1398 | D:2      | Learned a level 3 spell: Conjure Flame
  1402 | D:2      | Learned a level 3 spell: Mephitic Cloud
  1966 | D:2      | Reached skill level 6 in Spellcasting
  2606 | D:3      | Noticed Robin
  3008 | D:3      | Reached XP level 4. HP: 24/24 MP: 11/14
  3110 | D:3      | Noticed Natasha
  3568 | D:3      | Found a shimmering altar of Xom.
  3570 | D:3      | Noticed Grinder
  3719 | D:5      | Entered Level 5 of the Dungeon
  3867 | D:5      | Noticed Menkaure
  3875 | D:5      | Killed from afar by an orc priest

Illustrated notes

Levels and vault maps discovered:
D:1:      psy_arrival_fountain, layout_basic, shapermc_ecumenical_altar_pompeii,
          minmay_pentomino_s4
D:2:      layout_loops_ring
D:3:      layout_basic, mainiacjoe_overflow_catwalk, serial_shops, shop,
          uniq_natasha, uniq_robin, uniq_grinder
D:4:      layout_loops_ring, mainiacjoe_overflow_brackets,
          grunt_qazlal_sundering, minmay_temple_entry_glassed_door,
          minmay_shop_enchanted_jewellery, minmay_fountain_box,
          nicolae_shop_self_help
D:5:      layout_basic, serial_shops, shop, uniq_menkaure

Skill      XL: |  1  2  3 |
---------------+----------+-----
Spellcasting   | 5 6 |  6.0
Dodging        | |  2.9
Stealth        | |  2.4
Conjurations   | |  1.7
Summonings     | |  1.1
Translocations | |  1.3
Fire Magic     | |  0.7
Air Magic      | |  0.9
Poison Magic   | |  0.3

Action                   |  1- 3 |  4- 6 || total
-------------------------+-------+-------++-------
Melee: Dagger            |     2 |       ||     2
 Cast: Magic Dart        |   122 |    59 ||   181
       Conjure Flame     |       |     2 ||     2
       Blink             |       |     1 ||     1
  Use: Potion            |       |     1 ||     1
Armor: Robe              |     7 |     4 ||    11
Dodge: Dodged            |    33 |    12 ||    45
